 Seeded DCSS version 0.29.1-2-gbd0b4ee654 (webtiles) character file.

Game seed: 4372347837358828098 (custom seed)

2 gzilladon the Ducker (level 1, 23/23 HPs)
             Began as a Gnoll Monk on Nov 9, 2022.
             Was a Believer of Kikubaaqudgha.
             Quit the game on level 1 of the Dungeon.
             The game lasted 00:00:31 (65 turns).

gzilladon the Ducker (Gnoll Monk)                     Turns: 65, Time: 00:00:31

Health: 23/23      AC:  2    Str: 10    XL:     1   Next: 40%
Magic:  1/1        EV: 14    Int:  9    God:    Kikubaaqudgha [**....]
Gold:   0          SH:  0    Dex: 14    Spells: 0/0 levels left

rFire   . . .      SeeInvis .   a - +0 hand axe
rCold   . . .      Faith    .   (no shield)
rNeg    . . .      Spirit   .   b - +0 robe
rPois   .          Reflect  .   (no helmet)
rElec   .          Harm     .   (no cloak)
rCorr   .          Rampage  .   (no gloves)
Will    .....                   (no boots)
Stlth   +++.......              (no amulet)
HPRegen 0.07/turn               (no ring)
MPRegen 0.07/turn               (no ring)

@: no status effects
A: fangs 1, strong nose, distributed training
a: Renounce Religion, Unearth Wretches


You were on level 1 of the Dungeon.
You worshipped Kikubaaqudgha.
Kikubaaqudgha was pleased with you.
You visited 1 branch of the dungeon, and saw 1 of its levels.

Inventory:

Hand Weapons
 a - a +0 hand axe (weapon)
Armour
 b - a +0 robe (worn)
Potions
 c - a potion of ambrosia


   Skills:
 + Level 6.4 Fighting
 + Level 0.0 Short Blades
 + Level 0.0 Long Blades
 + Level 6.4 Axes
 + Level 0.0 Maces & Flails
 + Level 0.0 Polearms
 + Level 0.0 Staves
 + Level 0.0 Ranged Weapons
 + Level 0.0 Throwing
 + Level 0.0 Armour
 + Level 6.4 Dodging
 + Level 4.0 Stealth
 + Level 0.0 Shields
 + Level 0.0 Unarmed Combat
 + Level 0.0 Spellcasting
 + Level 0.0 Conjurations
 + Level 0.0 Hexes
 + Level 0.0 Summonings
 + Level 0.0 Necromancy
 + Level 0.0 Translocations
 + Level 0.0 Transmutations
 + Level 0.0 Fire Magic
 + Level 0.0 Ice Magic
 + Level 0.0 Air Magic
 + Level 0.0 Earth Magic
 + Level 0.0 Poison Magic
 + Level 0.1 Invocations
 + Level 0.0 Evocations


You couldn't memorise any spells.
You didn't know any spells.
Your spell library contained the following spells:

 Spells                   Type           Power      Damage    Failure   Level
 Necrotise                Necr           0%         1d4       38%         1
 Sublimation of Blood     Necr           0%         N/A       52%         2
 Anguish                  Hex/Necr       0%         N/A       99%         4
 Animate Dead             Necr           0%         N/A       99%         4


Dungeon Overview and Level Annotations

Branches:
Dungeon (1/15)

Altars:
Kikubaaqudgha


Innate Abilities, Weirdness & Mutations

You have very sharp teeth.
Your uncanny sense of smell can sniff out nearby items.
Your experience applies equally to all skills.


Message History

Press ? for a list of commands and other information.
Found a staircase leading out of the dungeon.
Found 2 stones.
There is a fountain of clear blue water here.
A bat comes into view.
The bat hits you.
A ball python comes into view.
The bat hits you but does no damage.
The ball python hisses angrily.
The bat closely misses you.
You miss the bat. You bite the bat.
The bat is heavily wounded.
The bat closely misses you.
The bat closely misses you. x2; The ball python closely misses you. x2
You hit the ball python.
The ball python is moderately wounded.
You barely miss the bat. The bat barely misses you. The ball python misses you.
The ball python closely misses you.
You closely miss the ball python. You bite the ball python.
The ball python is severely wounded.
The bat hits you but does no damage. The ball python misses you.
The ball python grabs you. The ball python constricts you.
You hit the ball python.
You kill the ball python!
You hit the bat but do no damage. The bat barely misses you.
The bat barely misses you. The bat completely misses you.
You hit the bat.
You kill the bat!
Found a faded altar of an unknown god.
Found a leather armour.
There is a faded altar of an unknown god here.
You cannot tell which god this altar belongs to.
Convert to them anyway?
Kikubaaqudgha accepts your prayer! Kikubaaqudgha welcomes you!
You can now bring forth the wretched and dying.
Kikubaaqudgha grants you a gift!
You add the spells Necrotise, Sublimation of Blood, Anguish and Animate Dead to your library.
Kikubaaqudgha is now protecting you from necromantic miscasts and death curses.
Are you sure you want to abandon this character and quit the game? (Confirm with "yes".)

∆ #+# #.##### #.....#
##.###.# ♣♣♣♣♣♣♣♣
##...##.# ♣♣..8_8.♣♣
##.....#.#♣♣....@...♣
..........♣...♣.[.♣♣..♣
####.###.#♣.♣♣♣.⌠.♣ ♣.#
#.......♣♣ ♣...♣ #
#.####### ♣.♣.♣ #.#
..♣♣. #.# .♣♣ ♣. ... ♣.
.♣ ..#


There were no monsters in sight!

Vanquished Creatures
  A ball python (D:1)
  A bat (D:1)
2 creatures vanquished.

Notes
Turn   | Place    | Note
-------+----------+-------------------------------------------
     0 | D:1      | gzilladon the Gnoll Monk began the quest for the Orb.
     0 | D:1      | Reached XP level 1. HP: 23/23 MP: 1/1
    53 | D:1      | Found a faded altar of an unknown god.
    63 | D:1      | Prayed at the altar of an unknown god.
    63 | D:1      | Became a worshipper of Kikubaaqudgha
    63 | D:1      | Reached * piety under Kikubaaqudgha
    63 | D:1      | Received a gift from Kikubaaqudgha
    63 | D:1      | Reached ** piety under Kikubaaqudgha
    65 | D:1      | Quit the game

Illustrated notes

Levels and vault maps discovered:
D:1:      dpeg_arrival_chambers_temple_mockup, layout_loops_corners,
          shapermc_ecumenical_altar_totnotflames, hex_tiny, minmay_heptomino_l4

Action                   || total
-------------------------++-------
Melee: Hand axe          ||     5
       Bite              ||     2
Armor: Robe              ||     2
Dodge: Dodged            ||    13
